 Dungeon Crawl Stone Soup version 0.20.1-1-g8b1a95d (webtiles) character file.

6526 FollowTheCloud the Protected (level 11, -3/71 HPs)
             Began as a Gargoyle Fighter on June 29, 2017.
             Was a High Priest of Okawaru.
             Slain by a water moccasin (5 damage)
             ... on level 2 of the Lair of Beasts on Aug 5, 2017.
             The game lasted 00:48:01 (9373 turns).

FollowTheCloud the Protected (Gargoyle Fighter)     Turns: 9373, Time: 00:48:01

Health: -3/71      AC: 28    Str: 23    XL:     11   Next: 1%
Magic:  9/11       EV:  9    Int:  9    God:    Okawaru [*****.]
Gold:   469        SH: 13    Dex:  9    Spells: 10/10 levels left

rFire    . . .     SeeInvis .   a - +0 flail
rCold    . . .     Gourm    .   c - +0 shield
rNeg     + . .     Faith    .   L - +0 plate armour
rPois    ∞         Spirit   .   z - +1 hat
rElec    +         Reflect  .   (no cloak)
rCorr    +         Harm     .   (no gloves)
MR       .....                  y - +2 pair of boots
Stlth    ..........             (no amulet)
Regen    0.3/turn               I - ring of stealth
MPRegen  0.2/turn               t - ring of resist corrosion

@: heroism
A: negative energy resistance 1, electricity resistance, unbreathing,
petrification resistance, rot immunity, AC +7
a: Heroism, Finesse, Renounce Religion


You were on level 2 of the Lair of Beasts.
You worshipped Okawaru.
Okawaru was extremely pleased with you.
You were hungry.

You visited 3 branches of the dungeon, and saw 11 of its levels.

You collected 469 gold pieces.

Inventory:

Hand Weapons
 a - a +0 flail (weapon)
Missiles
 N - 2 poisoned javelins (quivered)
Armour
 c - a +0 shield (worn)
 y - a +2 pair of boots (worn)
 z - a +1 hat (worn)
 L - a +0 plate armour (worn)
Jewellery
 t - a ring of resist corrosion (right hand)
 I - a ring of stealth (left hand)
Wands
 j - a wand of disintegration (1/24)
 u - a wand of random effects (19/48)
 B - a wand of flame (16/48)
 C - a wand of lightning (11/15)
 G - a wand of scattershot (2/9)
 J - a wand of flame (14/48)
Scrolls
 e - 2 scrolls of remove curse
 g - a scroll of noise {unknown}
 i - a scroll of random uselessness {unknown}
 k - 2 scrolls of enchant weapon {unknown}
 m - 2 scrolls of magic mapping
 p - 2 scrolls of fear
 s - a scroll of immolation {unknown}
 w - a scroll of amnesia {unknown}
 x - a scroll of recharging {unknown}
 A - 2 scrolls of enchant armour
 D - 2 scrolls of fog {unknown}
 H - a scroll of summoning {unknown}
 M - 2 scrolls of teleportation
Potions
 b - a potion of cancellation {unknown}
 d - a potion of might
 l - 3 potions of heal wounds {unknown}
 n - 2 potions of curing {unknown}
 E - a potion of resistance {unknown}
 F - a potion of brilliance {unknown}
 K - a potion of invisibility {unknown}
Books
 O - a book of Misfortune

   Spells                             Type                      Level
   a - Confusing Touch                Hexes                        1
   b - Confuse                        Hexes                        3
   c - Gell's Gravitas                Translocation                3
   d - Petrify                        Transmutation/Earth          4
   e - Metabolic Englaciation         Hexes/Ice                    5
   f - Yara's Violent Unravelling     Hexes/Transmutation          5
Comestibles
 f - a bread ration
 o - 2 royal jellies
 r - 7 fruits
 v - 4 meat rations


   Skills:
 + Level 9.4(14.4) Fighting
 + Level 8.3(13.3) Maces & Flails
 + Level 9.8(14.8) Armour
 + Level 9.6(14.6) Shields


You had 10 spell levels left.
You didn't know any spells.

Dungeon Overview and Level Annotations

Branches:
Dungeon (8/15)             Temple (1/1) D:4            Lair (2/6) D:8
  Swamp: Lair:2-4    Shoals: Lair:2-4     Snake: Lair:2-4    Spider: Lair:2-4

Altars:
Ashenzari
Cheibriados
Dithmenos
Elyvilon
Fedhas
Gozag
Hepliaklqana
Kikubaaqudgha
Makhleb
Nemelex Xobeh
Okawaru
Qazlal
Ru
Sif Muna
Trog
Uskayaw
Vehumet
Xom
Yredelemnul
Zin
The Shining One


Innate Abilities, Weirdness & Mutations

You are resistant to torment.
Your stone body is resilient. (AC +7)
You are immune to poison.
You resist negative energy. (rN+)
You are resistant to electric shocks. (rElec)
You can survive without breathing.
You are immune to petrification.
You are immune to rotting.


Message History

You closely miss the porcupine.
The porcupine is severely wounded.
You block the porcupine's attack.
The porcupine bites you but does no damage.
A water moccasin comes into view.
The water moccasin hisses angrily.
You gain the combat prowess of a mighty hero.
You block the porcupine's attack. The porcupine bites you!
* * * LOW HITPOINT WARNING * * *
You closely miss the porcupine.
The porcupine is severely wounded.
You miss the porcupine.
The porcupine is severely wounded.
You block the water moccasin's attack. You block the porcupine's attack.
You are struck by the porcupine's spines.
* * * LOW HITPOINT WARNING * * *
You hit the porcupine.
The porcupine is almost dead.
The water moccasin bites you.
You die...

.................[...♣♣≈≈≈≈≈
..................#..P≈≈≈≈≈≈ ..
.[............#####.♣≈≈≈≈≈≈≈ .
#.............### #.≈♣≈P≈≈≈≈ .
#............# #..P♣ ≈≈≈≈
###.###............# #..≈♣≈≈≈≈≈
#...#.#............# #..P♣≈≈≈≈≈
#................### #..♣P≈≈P≈≈
#.#P#.#........S@## ##.†.≈≈≈P≈≈
#.# ##.....P....#r###....♣≈≈♣♣P
#.###.#..................≈P≈P≈≈
...........................♣≈≈♣
...........................P≈≈P
.........[..................≈♣
..%.........##P##.##.........♣
#...........### ####...>.......
.#+..##.....# #......###...


You could see a water moccasin and a porcupine.

Vanquished Creatures
  Fannar (Lair:1)
  A two-headed ogre (D:8)
  A spiny frog (Lair:1)
  3 komodo dragons
  2 hippogriffs (Lair:1)
  A hungry ghost (D:7)
  3 water moccasins
  3 porcupines (Lair:1)
  2 sky beasts
  2 ice beasts
  A black bear (D:6)
  An orc warrior (D:8)
  A phantom (D:8)
  2 centaurs
  2 ogres
  4 crocodiles (Lair:1)
  A big kobold (D:7)
  10 bullfrogs
  A crimson imp (D:7)
  2 quasits
  5 orc priests
  A centaur skeleton (D:7)
  5 hounds
  A jelly (D:7)
  7 orc wizards
  2 iguanas
  6 worker ants
  A howler monkey zombie (D:7)
  3 gnolls (D:7)
  8 adders
  2 shadow imps
  An ooze (D:1)
  2 adder zombies
  An adder skeleton (D:6)
  A worm (D:3)
  4 dart slugs
  4 leopard geckos
  40 orcs
  2 giant cockroaches
  6 goblins
  A hobgoblin (D:3)
  16 jackals
  3 quokkas
  3 ball pythons
  7 bats
  4 frilled lizards
  16 kobolds
  A leopard gecko zombie (D:7)
  A quokka zombie (D:6)
  5 rats
203 creatures vanquished.

Vanquished Creatures (others)
  A fungus (Lair:1)
1 creature vanquished.

Grand Total: 204 creatures vanquished

Notes
Turn   | Place    | Note
-------+----------+-------------------------------------------
     0 | D:1      | FollowTheCloud the Gargoyle Fighter began the quest for the Orb.
     0 | D:1      | Reached XP level 1. HP: 14/14 MP: 1/1
   289 | D:1      | Reached XP level 2. HP: 15/19 MP: 2/2
   570 | D:1      | Reached XP level 3. HP: 18/23 MP: 3/3
  1016 | D:1      | Upgraded the game from 0.20.0-15-g7f486f2 to 0.20.1-1-g8b1a95d
  1699 | D:3      | Reached XP level 4. HP: 29/29 MP: 4/4
  2337 | D:4      | Reached XP level 5. HP: 33/33 MP: 5/5
  2340 | D:4      | Found a staircase to the Ecumenical Temple.
  2380 | Temple   | Entered the Ecumenical Temple
  2478 | Temple   | Became a worshipper of Warmaster Okawaru
  2953 | D:4      | Reached XP level 6. HP: 35/39 MP: 6/6
  3257 | D:4      | Reached skill level 5 in Armour
  3647 | D:5      | Entered Level 5 of the Dungeon
  3743 | D:5      | Reached * piety under Okawaru
  3743 | D:5      | Reached skill level 5 in Shields
  3825 | D:5      | Noticed an ice beast
  3841 | D:5      | Killed an ice beast
  3841 | D:5      | Reached skill level 5 in Fighting
  3841 | D:5      | Reached XP level 7. HP: 44/44 MP: 7/7
  4871 | D:6      | Reached XP level 8. HP: 49/50 MP: 8/8
  5210 | D:6      | Reached skill level 5 in Maces & Flails
  5286 | D:6      | Found an iron altar of Okawaru.
  5678 | D:6      | Reached ** piety under Okawaru
  5850 | D:7      | Reached XP level 9. HP: 29/56 MP: 9/9
  6145 | D:7      | Reached *** piety under Okawaru
  6509 | D:8      | Noticed a two-headed ogre
  6530 | D:8      | Killed a two-headed ogre
  6887 | D:8      | Reached **** piety under Okawaru
  7525 | D:8      | Reached XP level 10. HP: 59/64 MP: 10/10
  7653 | D:8      | Found a staircase to the Lair.
  7659 | Lair:1   | Entered Level 1 of the Lair of Beasts
  8055 | Lair:1   | Received a gift from Okawaru
  8188 | Lair:1   | Noticed Fannar
  8221 | Lair:1   | HP: 3/65 [Fannar/Ozocubu's Refrigeration (19)]
  8224 | Lair:1   | Killed Fannar
  8611 | Lair:1   | Reached ***** piety under Okawaru
  8976 | Lair:1   | Noticed a spiny frog
  8987 | Lair:1   | Killed a spiny frog
  9341 | Lair:2   | Reached XP level 11. HP: 32/71 MP: 11/11
  9373 | Lair:2   | HP: 2/71 [porcupine's spines (10)]
  9373 | Lair:2   | Slain by a water moccasin

Skill      XL: |  1  2  3  4  5  6  7  8  9 10 |
---------------+-------------------------------+-----
Armour         | 4 5 6 7 8 9 |  9.8
Fighting       | 4 5 6 8 9 |  9.4
Shields        | 4 5 6 8 9 |  9.6
Maces & Flails | 3 4 5 7 8 |  8.3

Action                   |  1- 3 |  4- 6 |  7- 9 | 10-12 || total
-------------------------+-------+-------+-------+-------++-------
Melee: Flail             |   187 |   176 |   593 |   235 ||  1191
Invok: Heroism           |       |       |     1 |     6 ||     7
Evoke: Wand              |       |     2 |     6 |       ||     8
  Use: Scroll            |       |       |     2 |     6 ||     8
       Potion            |       |       |       |     1 ||     1
  Eat: Chunk             |     2 |     8 |    11 |     4 ||    25
       Bread ration      |       |       |     2 |       ||     2
       Royal jelly       |       |       |       |     1 ||     1
Armor: Scale mail        |   163 |   108 |   371 |       ||   642
       Plate armour      |       |       |    26 |   145 ||   171
       Chain mail        |       |       |    15 |       ||    15
Dodge: Dodged            |    91 |    65 |   189 |    39 ||   384
Block: Shield            |   139 |   111 |   394 |   126 ||   770
